 Dungeon Crawl Stone Soup version 0.31-a0-424-g41b3b08 (webtiles) character file.

Game seed: 5443759938365091341

26 Dawnplanks the Ruffian (level 2, 26/26 HPs)
             Began as a Troll Shapeshifter on July 30, 2023.
             Quit the game on level 1 of the Dungeon.
             The game lasted 00:00:40 (290 turns).

Dawnplanks the Ruffian (Troll Shapeshifter)          Turns: 290, Time: 00:00:40

Health: 26/26      AC:  4    Str: 22    XL:     2   Next: 89%
Magic:  1/1        EV: 10    Int:  4    God:
Gold:   21         SH:  0    Dex: 10    Spells: 1/1 levels left

rFire   . .          .
                       - Unarmed
rCold   . . .        (no shield)
rNeg    . . .        a - +0 animal skin
rPois   .            (helmet currently unavailable)
rElec   .            (cloak currently unavailable)
rCorr   .            (gloves unavailable)
SInv    .            (boots unavailable)
Will    .....        (no amulet)
Stlth   +            (no ring)
HPRegen 1.04/turn    (no ring)
MPRegen 0.07/turn

%: no passive effects
@: beast-form
A: beast (slay +2), large, unfitting armour, claws 3, regeneration 1, shaggy fur
1, tough skin 1
a: Begin Untransformation


You were on level 1 of the Dungeon.
You were a hulking beast.
You visited 1 branch of the dungeon, and saw 1 of its levels.

You collected 21 gold pieces.

Inventory:

Armour
 a - a +0 animal skin (worn)
Talismans
 c - a beast talisman (active)
Scrolls
 e - a scroll of enchant weapon {unknown}
 g - 2 scrolls of identify {unknown}
 h - a scroll of noise {unknown}
Potions
 b - a potion of lignification
 d - 2 potions of might {unknown}
 f - a potion of enlightenment {unknown}


   Skills:
 + Level 0.8 Fighting
 + Level 2.0 Dodging
 + Level 3.3 Unarmed Combat
 + Level 3.3 Shapeshifting


You had one spell level left.
You didn't know any spells.
Your spell library contained the following spells:

 Spells                   Type           Power      Damage    Failure   Level
 Frozen Ramparts          Ice            0%         1d1       86%         3
 Manifold Assault         Tloc           0%         N/A       99%         4
 Petrify                  Tmut/Erth      0%         N/A       99%         4
 Metabolic Englaciation   Hex/Ice        0%         N/A       100%        5
 Dispersal                Tloc           0%         N/A       100%        6
 Disjunction              Tloc           0%         N/A       100%        8


Dungeon Overview and Level Annotations

Branches:
Dungeon (1/15)

Altars:

Shops:
D:1 :


Innate Abilities, Weirdness & Mutations

You are a hulking beast.
Your limbs bulge with bestial killing power. (Slay +2)
You are too large for most types of armour.
You have claws for hands.
Your natural rate of healing is unusually fast.
You are covered in fur. (AC +1)
You have tough skin. (AC +1)


Message History

You pick up a book of Sloth and begin reading...
You add the spells Frozen Ramparts, Petrify and Metabolic Englaciation to your library.
No target in view!
A ball python comes into view.
Found a chain mail.
The ball python barely misses you.
You see here a +0 chain mail.
You claw the ball python!
You kill the ball python!
No target in view!
Found 5 stones.
A bat comes into view.
The bat barely misses you. The bat hits you but does no damage.
You barely miss the bat. The bat barely misses you.
The bat hits you but does no damage.
You miss the bat. The bat barely misses you. The bat closely misses you.
The bat barely misses you. The bat barely misses you.
You closely miss the bat. The bat hits you but does no damage.
The bat hits you.
You scratch the bat.
You kill the bat!
No target in view!
You see here 5 stones.
g - 2 scrolls labelled KUSIOR UXEMETH (gained 1)
A frilled lizard comes into view.
The frilled lizard hisses angrily.
A frilled lizard comes into view.
You miss the frilled lizard.
The frilled lizard completely misses you.
You claw the frilled lizard!
You kill the frilled lizard!
Found Zoinick's Book Boutique.
You see here a frilled lizard corpse.
You mangle the frilled lizard!!
You kill the frilled lizard!
No target in view!
There is an entrance to Zoinick's Book Boutique here.
Are you sure you want to abandon this character and quit the game? (Confirm with "yes".)

#########
........#
.......#
.....####
#......#
.#####......#
.........h..#
#####......#
##.##### #†#
#.# #.# ##
##.#
.#########
#..#
.........#
#.##


There were no monsters in sight!

Vanquished Creatures
  A gnoll (D:1)
  A ball python (D:1)
  4 bats (D:1)
  An endoplasm (D:1)
  A giant cockroach (D:1)
  2 hobgoblins (D:1)
  A quokka (D:1)
  3 frilled lizards (D:1)
  2 rats (D:1)
16 creatures vanquished.

Notes
Turn   | Place    | Note
-------+----------+-------------------------------------------
     0 | D:1      | Dawnplanks the Troll Shapeshifter began the quest for the
                  | Orb.
     0 | D:1      | Reached XP level 1. HP: 18/18 MP: 0/0
   122 | D:1      | Reached XP level 2. HP: 26/26 MP: 1/1
   284 | D:1      | Found Zoinick's Book Boutique.
   290 | D:1      | Quit the game

Illustrated notes

Levels and vault maps discovered:
D:1:      co_arrival_random_square_maze, layout_rooms, serial_shops, shop,
          shapermc_ecumenical_altar_ellora

Skill      XL: |  1  2 |
---------------+-------+-----
Dodging        | 2 |  2.0
Fighting       | |  0.8
Unarmed Combat | |  3.3
Shapeshifting  | |  3.3

Action                     || total
---------------------------++-------
  Melee: Unarmed           ||    34
         Punch             ||     1
 Armour: Animal skin       ||    11
  Dodge: Dodged            ||    20

Table legend: (Time is in decaauts)
 A = Elapsed time spent in this place.
 B = Non-inter-level travel time spent in this place.
 C = Inter-level travel time spent in this place.
 D = Time resting spent in this place.
 E = Time spent auto-exploring this place.
 F = Levels seen in this place.
 G = Mean time per level.
                   A        B        C        D        E       F      G
               +--------+--------+--------+--------+--------+-----+--------+
         Total |    288 |    288 |      0 |      0 |    203 |   1 |  288.0 |
       Dungeon |    288 |    288 |      0 |      0 |    203 |   1 |  288.0 |
               +--------+--------+--------+--------+--------+-----+--------+

Top non-repeatable levels by time:
     D:1: 288 daAuts
